 Dungeon Crawl Stone Soup version 0.31.0-12-g77e489cdc1 (webtiles) character file.

Game seed: 12197278414083486279

11 Doomgape the Vexing (level 2, 0/16 HPs)
             Began as a Kobold Hexslinger on Feb 11, 2024.
             Succumbed to an adder's poison
             ... on level 1 of the Dungeon.
             The game lasted 00:01:22 (681 turns).

Doomgape the Vexing (Kobold Hexslinger)              Turns: 681, Time: 00:01:22

Health: 0/16       AC:  2    Str:  5    XL:     2   Next: 40%
Magic:  3/3        EV: 15    Int: 14    God:
Gold:   103        SH:  0    Dex: 17    Spells: 3/3 levels left

rFire   . . .        a - +1 sling
rCold   . . .        (no shield)
rNeg    . . .        c - +0 robe
rPois   .            (no helmet)
rElec   .            (no cloak)
rCorr   .            (no gloves)
SInv    .            (no boots)
Will    .....        (no amulet)
Stlth   +++          (no ring)
HPRegen 0.22/turn    (no ring)
MPRegen 0.08/turn

%: no passive effects
@: lethally poisoned (0 -> -6)
A: small, no large weapons, nightstalker 3
a: no special abilities


You were on level 1 of the Dungeon.
You visited 1 branch of the dungeon, and saw 2 of its levels.

You collected 103 gold pieces.

Inventory:

Hand Weapons
 a - a +1 sling (weapon)
Armour
 c - a +0 robe (worn)
Scrolls
 b - 2 scrolls of poison
 d - a scroll of vulnerability {unknown}
Potions
 e - a potion of brilliance {unknown}


   Skills:
 + Level 1.3 Fighting
 + Level 2.8 Ranged Weapons
 + Level 2.6 Dodging
 + Level 1.3 Spellcasting
 + Level 3.1 Hexes
 + Level 1.3 Fire Magic


You had 3 spell levels left.
You didn't know any spells.
Your spell library contained the following spells:

 Spells                   Type           Power      Damage    Failure   Level
 Jinxbite                 Hex            18%        N/A       11%         2
 Sigil of Binding         Hex            9%         N/A       22%         3
 Inner Flame              Hex/Fire       7%         N/A       30%         3
 Cause Fear               Hex            4%         N/A       56%         4
 Dimensional Bullseye     Hex/Tloc       2%         N/A       80%         4


Dungeon Overview and Level Annotations

Branches:
Dungeon (2/15)

Altars:


Innate Abilities, Weirdness & Mutations

You are small and have problems with some larger weapons.
You are completely attuned to the shadows.


Message History

You feel sick.
You hear a loud squeak.
The adder bites you. The kobold misses you.
A rat comes into view.
The adder closely misses you.
You feel sick. The adder misses you. The kobold barely misses you.
You climb upwards.
You feel sick.
There is a stone staircase leading down here.
Unknown command.
Unknown command.
You feel sick. The adder attacks as it pursues you!
The adder closely misses you.
You feel sick.
You are no longer poisoned.
The adder attacks as it pursues you! The adder misses you.
The adder barely misses you. The adder attacks as it pursues you!
The adder closely misses you. The adder misses you.
You are too injured to fight recklessly!
Fire: a) +1 sling
Press: ? - help, Q - select action Shift-Dir - straight line, f - adder
Aim: an adder (40% to hit)
You shoot a sling bullet. The sling bullet misses the adder.
The adder barely misses you. The adder misses you.
Fire: a) +1 sling
Press: ? - help, Q - select action Shift-Dir - straight line, f/p - adder
Aim: an adder (40% to hit)
You shoot a sling bullet. The sling bullet hits the adder!
The adder is severely wounded.
The adder misses you. The adder bites you.
* * * LOW HITPOINT WARNING * * *
You are lethally poisoned!
The adder poisons you!
Fire: a) +1 sling
Press: ? - help, Q - select action Shift-Dir - straight line, f/p - adder
Aim: an adder (severely wounded, 40% to hit)
You shoot a sling bullet.
The sling bullet closely misses the adder.
The sling bullet misses the kobold.
You die...

...######.#.### #.#
...# #.....# #.#
...########>#### #.#
...#...........# #.#
####...........# #.#
#...........# #.#
#...........# #.#
#...........########.#
#..........KS@.......#
#...........##########
#.........).#
#############


You could see an adder and a kobold.

Vanquished Creatures
  A ball python (D:1)
  2 bats (D:1)
  An endoplasm (D:1)
  A goblin (D:1)
  A quokka (D:1)
  3 kobolds (D:1)
  A rat (D:2)
10 creatures vanquished.

Notes
Turn   | Place    | Note
-------+----------+-------------------------------------------
     0 | D:1      | Doomgape the Kobold Hexslinger began the quest for the Orb.
     0 | D:1      | Reached XP level 1. HP: 12/12 MP: 2/2
   420 | D:1      | Reached XP level 2. HP: 16/16 MP: 3/3
   681 | D:1      | Succumbed to an adder's poison

Illustrated notes

Levels and vault maps discovered:
D:1:      dpeg_arrival_pits, layout_basic, hex_tiny
D:2:      layout_rooms, serial_shops, nicolae_shop_overgrown_old_shop,
          st_stairs_2, uniq_terence

Action                     || total
---------------------------++-------
   Fire: Sling             ||    29
 Armour: Robe              ||    13
  Dodge: Dodged            ||    20
